 Dungeon Sprint DCSS version bcrawl-1.29.2 (webtiles) character file.

Game seed: 16528715996597106449

149441 pasperui the Cudgeler (level 2, 0/33 HPs)
             Began as an Ent Earth Elementalist on Feb 15, 2021.
             Was a Priest of Cheibriados.
             Slain by a gnoll
             ... wielding a +0 halberd
              (10 damage)
             ... in the Dungeon (Sprint VII: "The Pits").
             The game lasted 00:01:12 (188 turns).

pasperui the Cudgeler (Ent Earth Elementalist)       Turns: 188, Time: 00:01:13

Health: 0/33       AC:  9    Str: 21    XL:     2   Next: 55%
Magic:  5/5        EV: 10    Int: 21    God:    Cheibriados [***...]
Gold:   0          SH:  0    Dex: 16    Spells: 4/5 levels left

rFire    . . .     SeeInvis .   a - +2 mace
rCold    . . .     Gourm    .   (no shield)
rNeg     + + +     Faith    .   (armour unavailable)
rPois    +         Spirit   .   (helmet restricted)
rElec    .         Reflect  .   (no cloak)
rCorr    .         Harm     .   (gloves unavailable)
MR       .....     NoTele   +   (boots unavailable)
Stlth    ++........             (no amulet)
HPRegen  0.11/turn              (no ring)
MPRegen  0.09/turn              (no ring)

@: very slow
A: large, slow actions, passwall, negative energy resistance 3, poison
resistance, slow metabolism 1, torment resistance, unbreathing, AC +9
a: Passwall, Bend Time, Temporal Distortion, Renounce Religion


You were in the Dungeon.
You worshipped Cheibriados.
Cheibriados was most pleased with you.
You were not hungry.

You visited 1 branch

Inventory:

Hand Weapons
 a - a +2 mace (weapon)
Missiles
 b - 310 stones (quivered)
Scrolls
 i - a scroll of blinking
 k - 2 scrolls of vulnerability
 l - 3 scrolls of remove curse
 m - 5 scrolls of amnesia
 n - a scroll of summoning
Potions
 d - a potion of curing
 f - a potion of haste
 g - 4 potions of magic
 h - 3 potions of berserk rage
 j - 2 potions of invisibility
Comestibles
 c - 4 chunks of flesh
 e - 9 rations {!d}


   Skills:
 - Level 3.2 Fighting
 * Level 4.6 Maces & Flails
 - Level 1.7 Dodging
 - Level 2.4 Stealth
 - Level 2.4 Spellcasting
   Level 1.1 Transmutations
 - Level 3.2 Earth Magic
 + Level 0.3 Invocations


You had 4 spell levels left.
You knew the following spells:

 Your Spells              Type           Power        Failure   Level  Hunger
a - Sandblast             Erth           ###...       3%          1    None

Your spell library contained the following spells:

 Spells                   Type           Power        Failure   Level  Hunger
 Stone Arrow              Conj/Erth      #.....       22%         3    ####...
 Petrify                  Tmut/Erth      ##........   50%         4    ######.
 Lee's Rapid Deconstruct  Erth           ###.......   71%         5    #######
 Passwall                 Tmut/Erth      Unusable     N/A         2    N/A

Dungeon Overview and Level Annotations

Branches:
Dungeon (1/1)

Altars:
Ashenzari
Cheibriados
Dithmenos
Elyvilon
Fedhas
Gozag
Hepliaklqana
Kikubaaqudgha
Lugonu
Makhleb
Nemelex Xobeh
Okawaru
Qazlal
Ru
Sif Muna
Trog
Uskayaw
Vehumet
Wu Jian
Xom
Yredelemnul
Zin
The Shining One
Beogh
Jiyva


Innate Abilities, Weirdness & Mutations

You move and act slowly.
You can pass through walls and trees.
Your thick bark is tough. (AC +9)
You are too large for most types of armour.
You are immune to negative energy. (rN+++)
Your system is resistant to poisons. (rPois)
You have a slow metabolism.
You are immune to unholy pain and torment.
You can survive without breathing.


Message History

A ball python and 4 gnolls come into view.
The gnoll shouts! x2; You hear a shout!
A gnoll comes into view. It is wielding a +0 halberd.
The gnoll hits you but does no damage.
A goblin comes into view. It is wielding a +2 dagger of venom.
You hear an angry hiss.
You sock the gnoll!
The gnoll is severely wounded.
The gnoll hits you from afar with a +0 halberd!
The gnoll hits you with a +0 whip.
The gnoll hits you from afar with a +0 halberd.
You closely miss the gnoll.
The gnoll is severely wounded.
The gnoll hits you but does no damage.
The gnoll hits you from afar with a +0 halberd.
The gnoll barely misses you. The gnoll hits you but does no damage.
You hit the gnoll.
The gnoll is almost dead.
The gnoll hits you from afar with a +0 halberd!
You die...

#..|.')))'.##......#..#
##########.##..........
#.......รท...'...........
+#####'#####......#..#.
#. #...'.##...........
#..#...#.#####'#####+
#..#####.##.......#
#..Sg..#.##.......#
#.ggg@.'.##.......#
#.g########...<...# #.
#.......# # #.......#
#.......# #########


You could see 4 gnolls, a goblin and a ball python.

Vanquished Creatures
  2 ufetubi (D)
  A ball python (D)
  5 jackals (D)
8 creatures vanquished.

Notes
Turn   | Place    | Note
-------+----------+-------------------------------------------
     0 | D        | pasperui the Ent Earth Elementalist began the quest for the
                  | Orb.
     0 | D        | Reached XP level 1. HP: 18/18 MP: 3/3
    34 | D        | Found a bloodstained altar of Trog.
    34 | D        | Found a shimmering blue altar of Sif Muna.
    34 | D        | Found a viscous altar of Jiyva.
    34 | D        | Found a hazy altar of Hepliaklqana.
    34 | D        | Found an opulent altar of Gozag.
    35 | D        | Found a glowing golden altar of the Shining One.
    35 | D        | Found a glowing silver altar of Zin.
    35 | D        | Found a basalt altar of Yredelemnul.
    35 | D        | Found a shimmering altar of Xom.
    35 | D        | Found an ornate altar of the Wu Jian Council.
    35 | D        | Found a sacrificial altar of Ru.
    35 | D        | Found a stormy altar of Qazlal.
    35 | D        | Found an iron altar of Okawaru.
    35 | D        | Found a sparkling altar of Nemelex Xobeh.
    35 | D        | Found a burning altar of Makhleb.
    35 | D        | Found a blossoming altar of Fedhas.
    35 | D        | Found a white marble altar of Elyvilon.
    35 | D        | Found a shadowy altar of Dithmenos.
    35 | D        | Found a snail-covered altar of Cheibriados.
    36 | D        | Found a radiant altar of Vehumet.
    36 | D        | Found a corrupted altar of Lugonu.
    36 | D        | Found a roughly hewn altar of Beogh.
    65 | D        | Found a hide-covered altar of Uskayaw.
    65 | D        | Found an ancient bone altar of Kikubaaqudgha.
    65 | D        | Found a shattered altar of Ashenzari.
    75 | D        | Became a worshipper of Cheibriados the Contemplative
    93 | D        | Reached skill level 1 in Maces & Flails
   101 | D        | Reached * piety under Cheibriados
   102 | D        | Reached skill level 3 in Maces & Flails
   102 | D        | Reached XP level 2. HP: 14/33 MP: 5/5
   105 | D        | Reached ** piety under Cheibriados
   180 | D        | Reached skill level 4 in Maces & Flails
   182 | D        | Reached *** piety under Cheibriados
   188 | D        | Slain by a gnoll

Skill      XL: |  1  2 |
---------------+-------+-----
Fighting       | 3 |  3.2
Maces & Flails | 3 4 |  4.6
Dodging        | |  1.7
Stealth        | |  2.4
Spellcasting   | |  2.4
Transmutations | |  1.1
Earth Magic    | |  3.2
Invocations    | |  0.3

Action                   || total
-------------------------++-------
Melee: Unarmed           ||    19
       Mace              ||    21
  Use: Potion            ||     1
 Stab: Sleeping          ||     2
Armor: Skin              ||    78
Dodge: Dodged            ||    79
